 Dungeon Crawl Stone Soup version 0.15.2 (webtiles) character file.

57 bwiles81 the Twirler (level 3, -5/31 HPs)
             Began as a Minotaur Gladiator on Dec 17, 2014.
             Slain by Pikel
             ... wielding a +2 whip of freezing
              (10 damage)
             ... on Level 4 of the Dungeon.
             The game lasted 00:03:51 (1741 turns).

bwiles81 the Twirler (Minotaur Gladiator)           Turns: 1741, Time: 00:03:51

HP  -5/31        AC  3     Str 19      XL: 3   Next: 73%
MP   2/2         EV 12     Int  5      God:
Gold 79          SH  0     Dex 11      Spells:  0 memorised,  2 levels left

rFire  . . .     SeeInvis +     a - +0 quarterstaff
rCold  . . .     Clarity  .     b - +0 leather armour
rNeg   . . .     rCorr    .     (no shield)
rPois  .         rRot     .     c - +0 hat
rElec  .         Spirit   .     (no cloak)
SustAb .         Warding  .     (no gloves)
rMut   .         Stasis   .     (no boots)
Gourm  .                        (no amulet)
MR     .....                    (no ring)
                                g - ring of see invisible

@: not resistant to hostile enchantments, very unstealthy
A: retaliatory headbutt, horns 2
a: no special abilities


You were on level 4 of the Dungeon.
You were hungry.

You visited 1 branch of the dungeon, and saw 4 of its levels.

You collected 79 gold pieces.

Inventory:

Hand weapons
 a - a +0 quarterstaff (weapon)
Missiles
 d - 3 throwing nets (quivered)
Armour
 b - a +0 leather armour (worn)
 c - a +0 hat (worn)
Comestibles
 f - 3 bread rations
 t - a chunk of ball python flesh
 v - 3 fruits
Scrolls
 e - 2 scrolls of magic mapping
 k - 7 scrolls of remove curse
 l - 3 scrolls of identify
 n - 2 scrolls of enchant weapon {unknown}
 p - a scroll of blinking {unknown}
 s - a scroll of enchant armour {unknown}
 u - a scroll of noise {unknown}
Jewellery
 g - a ring of see invisible (left hand)
 o - a +3 ring of dexterity {unknown}
Potions
 h - 3 potions of curing {unknown}
 i - a potion of cancellation {unknown}
 j - 2 potions of heal wounds {unknown}
 m - a potion of agility {unknown}
 q - a potion of haste {unknown}
 r - a potion of magic {unknown}


   Skills:
 + Level 3.0 Fighting
 * Level 4.4 Staves
 - Level 2.0 Throwing
 + Level 1.7 Armour
 + Level 3.8 Dodging


You had 2 spell levels left.
You didn't know any spells.

Dungeon Overview and Level Annotations

Branches:
Dungeon (4/15)
 Temple: D:4-7

Altars:
Dithmenos
Xom

Annotations:
D:4 Pikel


Innate Abilities, Weirdness & Mutations

You reflexively headbutt those who attack you in melee.
You have a pair of horns on your head.


Message History

You closely miss Pikel.
Pikel is lightly wounded.
Pikel hits you with a whip of freezing. Pikel freezes you.
You hit Pikel.
Pikel is moderately wounded.
Pikel hits you with a whip of freezing. Pikel freezes you.
* * * LOW HITPOINT WARNING * * *
You hit Pikel. You headbutt Pikel.
Pikel is heavily wounded.
You closely miss Pikel.
Pikel is heavily wounded.
Pikel hits you with a whip of freezing.
* * * LOW HITPOINT WARNING * * *
Pikel freezes you.
* * * LOW HITPOINT WARNING * * *
Drink which item? (? for menu, Esc to quit)
Okay, then.
There is a stone staircase leading up here.
Pikel hits you with a whip of freezing!
You die...

#######.# ############ #
#p# #..........# # #.#
#..........# # #S#
#..........# # #.#
#..........#
#.##########..........#
#...K..p.S.'..........#
##############S.........#
....<.....@#......#+#####
##########K#.####.#
..................#
#########..#.####.#
#...............#
#.#####....####.
#....####.
###########.........
..........#....####.


You could see Pikel.

Vanquished Creatures
  A slave (D:3)
  Ijyb (D:2)
  An adder (D:3)
  A giant mite (D:2)
  4 hobgoblins
  A ball python (D:4)
  4 bats
  A giant cockroach (D:1)
  A giant gecko (D:2)
  2 giant newts
  7 goblins
  3 rats
27 creatures vanquished.

Notes
Turn   | Place    | Note
--------------------------------------------------------------
     0 | D:1      | bwiles81, the Minotaur Gladiator, began the quest for the Orb.
     0 | D:1      | Reached XP level 1. HP: 18/18 MP: 1/1
   218 | D:1      | Reached skill level 1 in Armour
   359 | D:2      | Found a shimmering altar of Xom.
   377 | D:2      | Reached XP level 2. HP: 25/25 MP: 1/1
   429 | D:2      | Noticed Ijyb
   437 | D:2      | Killed Ijyb
   437 | D:2      | Reached skill level 4 in Staves
   487 | D:2      | Reached XP level 3. HP: 27/30 MP: 2/2
   892 | D:3      | Found a shadowy altar of Dithmenos.
  1410 | D:4      | Noticed a slave
  1411 | D:4      | Noticed a slave
  1411 | D:4      | Noticed a slave
  1412 | D:4      | Noticed Pikel
  1416 | D:4      | Noticed a slave
  1517 | D:3      | Killed a slave
  1741 | D:4      | Slain by Pikel

Action                   || total
-------------------------++-------
Melee: Quarterstaff      ||    69
  Use: Scroll            ||     4
  Eat: Chunk             ||     2
